Flyers vs Canadiens (R1)

Created - January 20, 2021 at 19:03

Goals
1 2 3 T
Flyers 0 0 1 1
Canadiens 2 0 0 2
Shots
1 2 3 T
Flyers 9 6 17 32
Canadiens 9 13 2 24

1st period

1. Canadiens , Steve Downie 4 (Benoit Pouliot 16, Brady Skjei 20) at 6:30
2. Canadiens , Claude Giroux 13 (Mark Stuart 11, Greg Stewart 20) at 16:53

Penalties :
Jeff Carter (Phi) for Hooking (Minor) at 0:22, Jordan Szwarz (Mon) for Hooking (Minor) at 12:15, Jeff Woywitka (Phi) for Charging (Minor) at 17:22

2nd period

No Goal

Penalties :
J.T. Miller (Phi) for Roughing (Double Minor) at 3:55, Jonathan Ericsson (Phi) for Hooking (Minor) at 16:47

3rd period

3. Flyers , Jordan Nolan 16 (Jakub Voracek 23) at 1:36 (PP)

Penalties :
Raphael Diaz (Mon) for Tripping (Minor) at 1:30, Jordan Nolan (Phi) for Hooking (Minor) at 12:05

Goalie Stats

Steve Mason (Phi), 22 saves from 24 shots - (0.917), L, 17-10-5, 58:40 minutes
Kristers Gudlevskis (Mon), 31 saves from 32 shots - (0.969), W, 11-15-5, 60:00 minutes

Players Stats for Flyers

Player Name              G  A  P  +/- PIM S  H  SB GA TA FO     MP     PP MP  PK MP  
------------------------------------------------------------------------------------
Brock Nelson             0  0  0   0  0   3  1  0  0  0  0/1    14:26   0:00   0:47 
Chris Mcallister         0  0  0   0  0   2  1  0  0  0  1/1    11:30   0:00   5:27 
Drew Miller              0  0  0   0  0   3  1  2  2  1  0/1    17:40   1:01   5:25 
Dylan Olsen              0  0  0   0  0   0  2  1  0  0  0/0    19:53   0:00   5:43 
Erik Christensen         0  0  0   0  0   1  0  0  0  0  1/8    13:05   0:00   1:51 
J.T. Miller              0  0  0  -2  4   4  1  2  0  0  0/0    16:43   1:04   0:16 
Jakub Voracek            0  1  1   0  0   3  2  0  1  1  0/0    15:34   1:01   0:00 
Jeff Carter              0  0  0  -2  2   2  1  0  0  1  13/21  16:22   1:04   0:15 
Jeff Woywitka            0  0  0  -1  2   1  0  3  1  1  0/0    21:55   1:04   4:14 
Jonathan Ericsson        0  0  0  -1  2   1  1  1  1  0  0/0    21:39   1:04   4:36 
Jordan Nolan             1  0  1   0  2   3  2  0  0  0  10/20  18:54   1:01   4:20 
Marcus Kruger            0  0  0  -2  0   0  2  0  0  0  0/1    14:54   1:04   0:00 
Mats Zuccarello          0  0  0   0  0   3  0  0  0  0  0/0    11:14   0:00   0:00 
Matt Smaby               0  0  0   0  0   1  1  0  0  1  0/0    14:24   0:00   0:34 
Matthew Lombardi         0  0  0   0  0   1  0  1  0  0  7/10   11:52   0:00   5:29 
Nathan Beaulieu          0  0  0  -1  0   0  1  1  1  0  0/0    18:43   1:01   2:26 
Oliver Ekman-Larsson     0  0  0  -1  0   2  2  3  0  1  0/0    23:31   1:01   6:17 
Ryan Callahan            0  0  0   0  0   2  0  0  0  0  1/2     5:41   0:00   0:00 

Players Stats for Canadiens

Player Name              G  A  P  +/- PIM S  H  SB GA TA FO     MP     PP MP  PK MP  
------------------------------------------------------------------------------------
Benoit Pouliot           0  1  1   1  0   4  1  0  0  0  0/0    18:29   5:40   0:31 
Brady Skjei              0  1  1   1  0   1  2  1  2  0  0/0    27:38   6:11   0:00 
Brett Maclean            0  0  0   0  0   1  1  0  0  0  0/0    10:51   0:37   0:00 
Bryce Lampman            0  0  0   1  0   1  3  1  2  1  0/0    30:00   6:11   1:18 
Cameron Gaunce           0  0  0   0  0   2  1  0  0  0  0/0    16:24   5:44   0:00 
Claude Giroux            1  0  1   1  0   3  1  0  1  0  0/0    22:35   5:38   0:00 
Dave Bolland             0  0  0   1  0   2  3  0  0  0  7/12   18:29   5:40   0:31 
Dustin Boyd              0  0  0   0  0   0  2  0  0  0  4/12   11:24   0:38   0:27 
Frans Nielsen            0  0  0   1  0   1  1  1  0  0  19/33  23:24   5:37   0:00 
Greg Stewart             0  1  1   1  0   3  1  1  0  2  0/1    23:57   5:38   0:27 
Jordan Szwarz            0  0  0   0  2   2  1  0  0  0  0/0    10:54   0:37   0:00 
Mark Stuart              0  1  1   1  0   0  0  2  0  0  0/0    15:11   0:00   1:18 
Nick Spaling             0  0  0   0  0   0  0  1  0  0  0/0     5:32   0:00   0:00 
Nikolai Zherdev          0  0  0   0  0   0  0  1  0  0  0/0     5:32   0:00   0:00 
Philip Larsen            0  0  0   0  0   0  0  1  0  0  0/0     9:23   0:00   0:47 
Pierre-Marc Bouchard     0  0  0   0  0   0  1  0  0  0  2/6     6:43   0:00   1:07 
Raphael Diaz             0  0  0   1  2   1  1  1  0  2  0/0    21:23   5:44   0:47 
Steve Downie             1  0  1   1  0   3  0  1  1  1  0/1    20:04   5:40   1:07 

3 Stars

1 - Kristers Gudlevskis (Mon)
2 - Claude Giroux (Mon)
3 - Steve Downie (Mon)

Power Play

Flyers - 1 on 2 Attempt(s) - 50.00%
Canadiens - 0 on 6 Attempt(s) - 0.00%

Penalty Kill

Flyers - 6 on 6 Attempt(s) - 100.00% - Score 0 goal in Penalty Kill
Canadiens - 1 on 2 Attempt(s) - 50.00% - Score 0 goal in Penalty Kill

Team Stat

Flyers - Hits : 18 - Faceoff Wins : 33 - Blocked Shots : 14 - Penalty Minutes : 12
Canadiens - Hits : 19 - Faceoff Wins : 32 - Blocked Shots : 11 - Penalty Minutes : 4

Official

Referees : Unknown
Linesman : Unknown

Game Notes

No Game Note

Finance

Level 1 -- Attendance: 5611 (93.52%) -- Ticket Income $572,322
Level 2 -- Attendance: 4958 (99.16%) -- Ticket Income $327,228
Level 3 -- Attendance: 1964 (98.20%) -- Ticket Income $82,488
Level 4 -- Attendance: 3598 (89.95%) -- Ticket Income $100,744
Luxury Box -- Attendance: 1000 (100.00%) -- Ticket Income $182,000
Game was played at the Centre Bell.
Total Attendance: 17131 (95.17%)
Total Ticket Income: $1,264,782
Other Income: $189,717
Total Income: $1,454,499

Flyers

5 vs 5 Forward 
   Center                   Left Wing                Right Wing               Time % Phy DF OF 
 1 Jeff Carter              J.T. Miller              Marcus Kruger            33     0   1  4  
 2 Jordan Nolan             Brock Nelson             Jakub Voracek            32     0   1  4  
 3 Erik Christensen         Drew Miller              Mats Zuccarello          25     0   2  3  
 4 Matthew Lombardi         Chris Mcallister         Ryan Callahan            10     0   4  1  

5 vs 5 Defense 
   Defense                  Defense                                           Time % Phy DF OF 
 1 Oliver Ekman-Larsson     Jonathan Ericsson                                 30     1   3  1  
 2 Jeff Woywitka            Nathan Beaulieu                                   30     1   3  1  
 3 Dylan Olsen              Matt Smaby                                        30     1   3  1  
 4 Oliver Ekman-Larsson     Jeff Woywitka                                     10     1   3  1  

PowerPlay Forward 
   Center                   Left Wing                Right Wing               Time % Phy DF OF 
 1 Jeff Carter              J.T. Miller              Marcus Kruger            50     0   1  4  
 2 Jordan Nolan             Drew Miller              Jakub Voracek            50     0   1  4  

PowerPlay Defense
   Defense                  Defense                                           Time % Phy DF OF 
 1 Oliver Ekman-Larsson     Nathan Beaulieu                                   50     0   2  3  
 2 Jonathan Ericsson        Jeff Woywitka                                     50     0   2  3  

Penalty Kill 4 Players Forward 
   Center                   Wing                     Time % Phy DF OF 
 1 Matthew Lombardi         Chris Mcallister         50     0   4  1  
 2 Jordan Nolan             Drew Miller              50     0   4  1  

Penalty Kill 4 Players Defense
   Defense                  Defense                  Time % Phy DF OF 
 1 Oliver Ekman-Larsson     Dylan Olsen              50     1   4  0  
 2 Jeff Woywitka            Jonathan Ericsson        50     1   4  0  

Penalty Kill - 3 Players Forward 
   Forward                                           Time % Phy DF OF 
 1 Matthew Lombardi                                  50     0   4  1  
 2 Jordan Nolan                                      50     0   4  1  

Penalty Kill - 3 Players Defense
   Defense                  Defense                  Time % Phy DF OF 
 1 Oliver Ekman-Larsson     Dylan Olsen              50     1   4  0  
 2 Jeff Woywitka            Jonathan Ericsson        50     1   4  0  

4 vs 4 Forward 
   Center                   Wing                     Time % Phy DF OF 
 1 Jeff Carter              J.T. Miller              50     0   2  3  
 2 Jordan Nolan             Jakub Voracek            50     0   2  3  

4 vs 4 Defense
   Defense                  Defense                  Time % Phy DF OF 
 1 Oliver Ekman-Larsson     Nathan Beaulieu          50     1   3  1  
 2 Jeff Woywitka            Jonathan Ericsson        50     1   3  1  

Last Minutes Offensive
   Center                   Left Wing                Right Wing               Defense                  Defense                  
   Jeff Carter              J.T. Miller              Jakub Voracek            Oliver Ekman-Larsson     Jeff Woywitka            

Last Minutes Defensive
   Center                   Left Wing                Right Wing               Defense                  Defense                  
   Matthew Lombardi         Drew Miller              Mats Zuccarello          Oliver Ekman-Larsson     Dylan Olsen              

Goaltenders
Starting : Steve Mason              
Backup : Ilya Sorokin             

Extra Forwards
Normal : Jeff Carter, Jordan Nolan, Drew Miller - PP : Jeff Carter, Jordan Nolan - PK : Drew Miller
Extra Defensemen
Normal : Oliver Ekman-Larsson, Jeff Woywitka, Jonathan Ericsson - PP : Oliver Ekman-Larsson - PK : Oliver Ekman-Larsson, Jeff Woywitka
Penalty Shots
Jeff Carter, Jordan Nolan, J.T. Miller, Marcus Kruger, Jakub Voracek

Scratches
Brian Lashoff (Healthy), Ray Emery (Healthy)

Canadiens

5 vs 5 Forward 
   Center                   Left Wing                Right Wing               Time % Phy DF OF 
 1 Frans Nielsen            Greg Stewart             Claude Giroux            40     0   0  5  
 2 Dave Bolland             Benoit Pouliot           Steve Downie             30     0   0  5  
 3 Dustin Boyd              Brett Maclean            Jordan Szwarz            20     0   0  5  
 4 Pierre-Marc Bouchard     Nick Spaling             Nikolai Zherdev          10     0   3  2  

5 vs 5 Defense 
   Defense                  Defense                                           Time % Phy DF OF 
 1 Brady Skjei              Bryce Lampman                                     40     0   0  5  
 2 Mark Stuart              Raphael Diaz                                      30     0   0  5  
 3 Philip Larsen            Cameron Gaunce                                    20     0   2  3  
 4 Brady Skjei              Bryce Lampman                                     10     1   2  2  

PowerPlay Forward 
   Center                   Left Wing                Right Wing               Time % Phy DF OF 
 1 Frans Nielsen            Greg Stewart             Claude Giroux            50     0   0  5  
 2 Dave Bolland             Benoit Pouliot           Steve Downie             50     0   0  5  

PowerPlay Defense
   Defense                  Defense                                           Time % Phy DF OF 
 1 Brady Skjei              Bryce Lampman                                     50     0   0  5  
 2 Raphael Diaz             Cameron Gaunce                                    50     0   0  5  

Penalty Kill 4 Players Forward 
   Center                   Wing                     Time % Phy DF OF 
 1 Pierre-Marc Bouchard     Steve Downie             60     1   3  1  
 2 Dustin Boyd              Greg Stewart             40     1   3  1  

Penalty Kill 4 Players Defense
   Defense                  Defense                  Time % Phy DF OF 
 1 Mark Stuart              Bryce Lampman            60     1   3  1  
 2 Philip Larsen            Raphael Diaz             40     1   3  1  

Penalty Kill - 3 Players Forward 
   Forward                                           Time % Phy DF OF 
 1 Frans Nielsen                                     60     1   4  0  
 2 Dave Bolland                                      40     1   4  0  

Penalty Kill - 3 Players Defense
   Defense                  Defense                  Time % Phy DF OF 
 1 Mark Stuart              Bryce Lampman            60     1   4  0  
 2 Brady Skjei              Raphael Diaz             40     1   4  0  

4 vs 4 Forward 
   Center                   Wing                     Time % Phy DF OF 
 1 Dave Bolland             Claude Giroux            60     0   2  3  
 2 Frans Nielsen            Benoit Pouliot           40     0   2  3  

4 vs 4 Defense
   Defense                  Defense                  Time % Phy DF OF 
 1 Brady Skjei              Mark Stuart              60     0   2  3  
 2 Cameron Gaunce           Raphael Diaz             40     0   2  3  

Last Minutes Offensive
   Center                   Left Wing                Right Wing               Defense                  Defense                  
   Frans Nielsen            Greg Stewart             Claude Giroux            Brady Skjei              Bryce Lampman            

Last Minutes Defensive
   Center                   Left Wing                Right Wing               Defense                  Defense                  
   Frans Nielsen            Greg Stewart             Steve Downie             Mark Stuart              Bryce Lampman            

Goaltenders
Starting : Kristers Gudlevskis      
Backup : Allen York               

Extra Forwards
Normal : Claude Giroux, Greg Stewart, Benoit Pouliot - PP : Claude Giroux, Greg Stewart - PK : Steve Downie
Extra Defensemen
Normal : Brady Skjei, Bryce Lampman, Raphael Diaz - PP : Brady Skjei - PK : Raphael Diaz, Bryce Lampman
Penalty Shots
Claude Giroux, Brett Maclean, Greg Stewart, Benoit Pouliot, Frans Nielsen

Scratches
Viktor Stalberg (Healthy)

% Time on Ice - Flyers

Lines # - Real PCT - Wanted PCT - Time Play
Normal Forward
1 - 32% - 33% - 14:32
2 - 30% - 32% - 13:19
3 - 25% - 25% - 11:14
4 - 13% - 10% - 5:41
Normal Defense
1 - 31% - 30% - 13:47
2 - 34% - 30% - 15:08
3 - 31% - 30% - 13:50
4 - 5% - 10% - 2:01
PP Forward
1 - 51% - 50% - 1:04
2 - 49% - 50% - 1:01
PP Defense
1 - 49% - 50% - 1:01
2 - 51% - 50% - 1:04
PK Forward
1 - 48% - 50% - 5:46
2 - 52% - 50% - 6:09
PK Defense
1 - 53% - 50% - 6:17
2 - 47% - 50% - 5:38
PK3 Forward
1 - 0% - 50%
2 - 0% - 50%
PK3 Defense
1 - 0% - 50%
2 - 0% - 50%
44 Forward
1 - 0% - 50%
2 - 0% - 50%
44 Defense
1 - 0% - 50%
2 - 0% - 50%
Last Minute Offensive  - 1:14
Last Minute Defensive  - 0:00
Total
Forward - 60:00
Defense - 60:00

% Time on Ice - Canadiens

Lines # - Real PCT - Wanted PCT - Time Play
Normal Forward
1 - 38% - 40% - 17:01
2 - 28% - 30% - 12:38
3 - 22% - 20% - 9:54
4 - 12% - 10% - 5:32
Normal Defense
1 - 43% - 40% - 19:21
2 - 33% - 30% - 14:58
3 - 19% - 20% - 8:36
4 - 5% - 10% - 2:10
PP Forward
1 - 50% - 50% - 6:01
2 - 50% - 50% - 5:54
PP Defense
1 - 52% - 50% - 6:11
2 - 48% - 50% - 5:44
PK Forward
1 - 78% - 60% - 1:38
2 - 22% - 40% - 0:27
PK Defense
1 - 62% - 60% - 1:18
2 - 38% - 40% - 0:47
PK3 Forward
1 - 0% - 60%
2 - 0% - 40%
PK3 Defense
1 - 0% - 60%
2 - 0% - 40%
44 Forward
1 - 0% - 60%
2 - 0% - 40%
44 Defense
1 - 0% - 60%
2 - 0% - 40%
Last Minute Offensive  - 0:00
Last Minute Defensive  - 0:55
Total
Forward - 60:00
Defense - 60:00

Play-by-Play

1st period


0:01 of 1st period - Frans Nielsen wins face-off versus Marcus Kruger in neutral zone.
0:22 of 1st period - Minor Penalty to Jeff Carter for Hooking.
0:23 of 1st period - Matthew Lombardi wins face-off versus Frans Nielsen in Flyers zone.
0:50 of 1st period - Steve Downie is hit by Jordan Nolan and loses puck.
2:22 of 1st period - Penalty to Jeff Carter is over, Jeff Carter is back on ice.
2:25 of 1st period - Slapshot by Drew Miller.
2:25 of 1st period - Stopped by Kristers Gudlevskis without a rebound.
2:26 of 1st period - Jeff Carter wins face-off versus Dustin Boyd in Canadiens zone.
2:27 of 1st period - Snap shot by J.T. Miller.
2:27 of 1st period - Shot Misses the Net.
2:38 of 1st period - Raphael Diaz is hit by Marcus Kruger and loses puck.
3:33 of 1st period - Snap shot by Chris Mcallister.
3:33 of 1st period - Shot Misses the Net.
3:44 of 1st period - Icing by Brady Skjei.
3:45 of 1st period - Jeff Carter wins face-off versus Dustin Boyd in Canadiens zone.
4:14 of 1st period - Slapshot by Jakub Voracek.
4:14 of 1st period - Shot Misses the Net.
4:16 of 1st period - Wrist shot by Oliver Ekman-Larsson.
4:16 of 1st period - Deflect By Jordan Nolan.
4:16 of 1st period - Shot Misses the Net.
4:16 of 1st period - Puck is out of play.
4:17 of 1st period - Jordan Nolan wins face-off versus Frans Nielsen in Canadiens zone.
4:18 of 1st period - Wrist shot by Jakub Voracek.
4:18 of 1st period - Shot Blocked by Philip Larsen.
4:21 of 1st period - Icing by Claude Giroux.
4:22 of 1st period - Frans Nielsen wins face-off versus Erik Christensen in Canadiens zone.
5:12 of 1st period - Snap shot by Jordan Szwarz.
5:12 of 1st period - Stopped by Steve Mason without a rebound.
5:13 of 1st period - Jeff Carter wins face-off versus Dustin Boyd in Flyers zone.
6:14 of 1st period - Icing by Bryce Lampman.
6:15 of 1st period - Dave Bolland wins face-off versus Jeff Carter in Canadiens zone.
6:22 of 1st period - Snap shot by Benoit Pouliot.
6:22 of 1st period - Deflect By Steve Downie.
6:22 of 1st period - Stopped by Steve Mason with a rebound.
6:28 of 1st period - Snap shot by Benoit Pouliot.
6:28 of 1st period - Shot Misses the Net.
6:30 of 1st period - Snap shot by Steve Downie.
6:30 of 1st period - Goal by Steve Downie - Flyers : 0 - Canadiens : 1.
6:31 of 1st period - Jordan Nolan wins face-off versus Frans Nielsen in neutral zone.
7:11 of 1st period - Brady Skjei is hit by Nathan Beaulieu and loses puck.
7:57 of 1st period - Off-side.
7:58 of 1st period - Jordan Nolan wins face-off versus Frans Nielsen in neutral zone.
8:09 of 1st period - Slapshot by Jakub Voracek.
8:09 of 1st period - Shot Misses the Net.
8:25 of 1st period - Drew Miller is hit by Dave Bolland and loses puck.
8:46 of 1st period - Oliver Ekman-Larsson is hit by Brady Skjei and loses puck.
8:55 of 1st period - Snap shot by Mats Zuccarello.
8:55 of 1st period - Stopped by Kristers Gudlevskis without a rebound.
8:56 of 1st period - Jordan Nolan wins face-off versus Frans Nielsen in Canadiens zone.
9:11 of 1st period - Slapshot by Brock Nelson.
9:11 of 1st period - Stopped by Kristers Gudlevskis without a rebound.
9:12 of 1st period - Jeff Carter wins face-off versus Dave Bolland in Canadiens zone.
9:17 of 1st period - Snap shot by Marcus Kruger.
9:17 of 1st period - Shot Misses the Net.
9:47 of 1st period - Snap shot by Jordan Nolan.
9:47 of 1st period - Shot Misses the Net.
10:01 of 1st period - Matt Smaby is hit by Jordan Szwarz and loses puck.
10:19 of 1st period - Icing by Chris Mcallister.
10:20 of 1st period - Pierre-Marc Bouchard wins face-off versus Ryan Callahan in Flyers zone.
10:21 of 1st period - Slapshot by Brady Skjei.
10:21 of 1st period - Stopped by Steve Mason without a rebound.
10:22 of 1st period - Pierre-Marc Bouchard wins face-off versus Matthew Lombardi in Flyers zone.
10:33 of 1st period - Wrist shot by Nick Spaling.
10:33 of 1st period - Deflect By Pierre-Marc Bouchard.
10:33 of 1st period - Shot Blocked by Jeff Woywitka.
10:33 of 1st period - Puck is out of play.
10:34 of 1st period - Jeff Carter wins face-off versus Frans Nielsen in Flyers zone.
10:49 of 1st period - Slapshot by Claude Giroux.
10:49 of 1st period - Shot Blocked by J.T. Miller.
11:59 of 1st period - Slapshot by Greg Stewart.
11:59 of 1st period - Stopped by Steve Mason without a rebound.
12:00 of 1st period - Jordan Nolan wins face-off versus Dustin Boyd in Flyers zone.
12:00 of 1st period - Jordan Nolan is hit by Brett Maclean.
12:15 of 1st period - Minor Penalty to Jordan Szwarz for Hooking.
12:16 of 1st period - Jeff Carter wins face-off versus Pierre-Marc Bouchard in Canadiens zone.
12:26 of 1st period - Wrist shot by J.T. Miller.
12:26 of 1st period - Shot Misses the Net.
12:28 of 1st period - Wrist shot by J.T. Miller.
12:28 of 1st period - Stopped by Kristers Gudlevskis with a rebound.
13:05 of 1st period - Slapshot by Greg Stewart.
13:05 of 1st period - Shot Misses the Net.
13:07 of 1st period - Slapshot by Philip Larsen.
13:07 of 1st period - Shot Blocked by Oliver Ekman-Larsson.
14:12 of 1st period - Icing by Jeff Carter.
14:13 of 1st period - Jeff Carter wins face-off versus Pierre-Marc Bouchard in Flyers zone.
14:15 of 1st period - Penalty to Jordan Szwarz is over, Jordan Szwarz is back on ice.
14:36 of 1st period - Wrist shot by Claude Giroux.
14:36 of 1st period - Deflect By Greg Stewart.
14:36 of 1st period - Stopped by Steve Mason without a rebound.
14:37 of 1st period - Dustin Boyd wins face-off versus Drew Miller in Flyers zone.
14:38 of 1st period - Snap shot by Brady Skjei.
14:38 of 1st period - Deflect By Dustin Boyd.
14:38 of 1st period - Shot Misses the Net.
14:38 of 1st period - Puck is out of play.
14:39 of 1st period - Dustin Boyd wins face-off versus Erik Christensen in Flyers zone.
15:10 of 1st period - Snap shot by Brock Nelson.
15:10 of 1st period - Stopped by Kristers Gudlevskis with a rebound.
15:33 of 1st period - Off-side.
15:34 of 1st period - Ryan Callahan wins face-off versus Dave Bolland in neutral zone.
15:39 of 1st period - Snap shot by Chris Mcallister.
15:39 of 1st period - Shot Blocked by Steve Downie.
15:47 of 1st period - Snap shot by Chris Mcallister.
15:47 of 1st period - Shot Misses the Net.
15:49 of 1st period - Wrist shot by Chris Mcallister.
15:49 of 1st period - Stopped by Kristers Gudlevskis without a rebound.
15:50 of 1st period - Jeff Carter wins face-off versus Greg Stewart in Canadiens zone.
15:51 of 1st period - Wrist shot by Marcus Kruger.
15:51 of 1st period - Shot Misses the Net.
16:05 of 1st period - Slapshot by Greg Stewart.
16:05 of 1st period - Shot Blocked by J.T. Miller.
16:07 of 1st period - Snap shot by Greg Stewart.
16:07 of 1st period - Stopped by Steve Mason without a rebound.
16:08 of 1st period - Dave Bolland wins face-off versus Jordan Nolan in Flyers zone.
16:25 of 1st period - Slapshot by Dave Bolland.
16:25 of 1st period - Shot Blocked by Oliver Ekman-Larsson.
16:35 of 1st period - Claude Giroux is hit by Jonathan Ericsson and loses puck.
16:40 of 1st period - Wrist shot by Jeff Carter.
16:40 of 1st period - Stopped by Kristers Gudlevskis without a rebound.
16:41 of 1st period - Frans Nielsen wins face-off versus Jeff Carter in Canadiens zone.
16:41 of 1st period - Frans Nielsen is hit by Jeff Carter.
16:51 of 1st period - Wrist shot by Greg Stewart.
16:51 of 1st period - Shot Blocked by Jeff Woywitka.
16:53 of 1st period - Slapshot by Mark Stuart.
16:53 of 1st period - Deflect By Claude Giroux.
16:53 of 1st period - Goal by Claude Giroux - Flyers : 0 - Canadiens : 2.
16:54 of 1st period - Dave Bolland wins face-off versus Jeff Carter in neutral zone.
17:09 of 1st period - Snap shot by Dave Bolland.
17:09 of 1st period - Stopped by Steve Mason with a rebound.
17:22 of 1st period - Minor Penalty to Jeff Woywitka for Charging.
17:23 of 1st period - Matthew Lombardi wins face-off versus Dave Bolland in Flyers zone.
17:32 of 1st period - Slapshot by Oliver Ekman-Larsson.
17:32 of 1st period - Deflect By Steve Downie.
17:32 of 1st period - Stopped by Kristers Gudlevskis with a rebound.
17:34 of 1st period - Snap shot by Chris Mcallister.
17:34 of 1st period - Shot Misses the Net.
17:36 of 1st period - Wrist shot by Jonathan Ericsson.
17:36 of 1st period - Shot Misses the Net.
17:38 of 1st period - Snap shot by Chris Mcallister.
17:38 of 1st period - Deflect By Matthew Lombardi.
17:38 of 1st period - Stopped by Kristers Gudlevskis without a rebound.
17:39 of 1st period - Frans Nielsen wins face-off versus Jordan Nolan in Canadiens zone.
19:22 of 1st period - Penalty to Jeff Woywitka is over, Jeff Woywitka is back on ice.
Goals for this period are 0 for Flyers vs 2 for Canadiens.
Shots for this period are 9 for Flyers vs 9 for Canadiens.

2nd period


0:01 of 2nd period - Frans Nielsen wins face-off versus Jordan Nolan in neutral zone.
0:26 of 2nd period - Slapshot by Brady Skjei.
0:26 of 2nd period - Shot Blocked by Drew Miller.
0:38 of 2nd period - Snap shot by Mats Zuccarello.
0:38 of 2nd period - Stopped by Kristers Gudlevskis with a rebound.
0:50 of 2nd period - Marcus Kruger is hit by Brady Skjei.
0:54 of 2nd period - Jordan Szwarz is hit by J.T. Miller and loses puck.
1:13 of 2nd period - Greg Stewart is hit by Dylan Olsen and loses puck.
1:24 of 2nd period - Wrist shot by Chris Mcallister.
1:24 of 2nd period - Shot Misses the Net.
2:15 of 2nd period - J.T. Miller is hit by Raphael Diaz and loses puck.
2:58 of 2nd period - Greg Stewart is hit by Matt Smaby and loses puck.
3:55 of 2nd period - Double Minor Penalty to J.T. Miller for Roughing.
3:56 of 2nd period - Frans Nielsen wins face-off versus Matthew Lombardi in Flyers zone.
4:11 of 2nd period - Snap shot by Bryce Lampman.
4:11 of 2nd period - Shot Blocked by Oliver Ekman-Larsson.
4:13 of 2nd period - Slapshot by Bryce Lampman.
4:13 of 2nd period - Stopped by Steve Mason without a rebound.
4:14 of 2nd period - Dave Bolland wins face-off versus Matthew Lombardi in Flyers zone.
4:21 of 2nd period - Snap shot by Benoit Pouliot.
4:21 of 2nd period - Stopped by Steve Mason with a rebound.
4:23 of 2nd period - Wrist shot by Steve Downie.
4:23 of 2nd period - Shot Blocked by Jonathan Ericsson.
4:25 of 2nd period - Slapshot by Raphael Diaz.
4:25 of 2nd period - Stopped by Steve Mason with a rebound.
4:27 of 2nd period - Snap shot by Cameron Gaunce.
4:27 of 2nd period - Deflect By Jonathan Ericsson.
4:27 of 2nd period - Stopped by Steve Mason without a rebound.
4:28 of 2nd period - Jordan Nolan wins face-off versus Frans Nielsen in Flyers zone.
5:02 of 2nd period - Snap shot by Benoit Pouliot.
5:02 of 2nd period - Stopped by Steve Mason with a rebound.
5:04 of 2nd period - Wrist shot by Cameron Gaunce.
5:04 of 2nd period - Shot Blocked by Dylan Olsen.
7:48 of 2nd period - Icing by Dustin Boyd.
7:49 of 2nd period - Matthew Lombardi wins face-off versus Dustin Boyd in Canadiens zone.
7:50 of 2nd period - Wrist shot by Brock Nelson.
7:50 of 2nd period - Stopped by Kristers Gudlevskis without a rebound.
7:51 of 2nd period - Matthew Lombardi wins face-off versus Dustin Boyd in Canadiens zone.
7:52 of 2nd period - Snap shot by Brock Nelson.
7:52 of 2nd period - Shot Misses the Net.
7:55 of 2nd period - Penalty to J.T. Miller is over, J.T. Miller is back on ice.
8:14 of 2nd period - Snap shot by Jordan Szwarz.
8:14 of 2nd period - Stopped by Steve Mason without a rebound.
8:15 of 2nd period - Erik Christensen wins face-off versus Frans Nielsen in Flyers zone.
8:42 of 2nd period - Jordan Nolan is hit by Dave Bolland and loses puck.
8:47 of 2nd period - Snap shot by Benoit Pouliot.
8:47 of 2nd period - Shot Misses the Net.
9:39 of 2nd period - Snap shot by Brett Maclean.
9:39 of 2nd period - Stopped by Steve Mason with a rebound.
10:16 of 2nd period - Snap shot by Benoit Pouliot.
10:16 of 2nd period - Stopped by Steve Mason without a rebound.
10:17 of 2nd period - Dave Bolland wins face-off versus Jordan Nolan in Flyers zone.
10:28 of 2nd period - Wrist shot by Steve Downie.
10:28 of 2nd period - Shot Misses the Net.
10:42 of 2nd period - Oliver Ekman-Larsson is hit by Bryce Lampman.
10:58 of 2nd period - Snap shot by Jakub Voracek.
10:58 of 2nd period - Deflect By Brock Nelson.
10:58 of 2nd period - Shot Misses the Net.
10:58 of 2nd period - Puck is out of play.
10:59 of 2nd period - Frans Nielsen wins face-off versus Jeff Carter in Canadiens zone.
11:12 of 2nd period - Snap shot by J.T. Miller.
11:12 of 2nd period - Stopped by Kristers Gudlevskis without a rebound.
11:13 of 2nd period - Frans Nielsen wins face-off versus Erik Christensen in Canadiens zone.
11:26 of 2nd period - Snap shot by Erik Christensen.
11:26 of 2nd period - Deflect By Mats Zuccarello.
11:26 of 2nd period - Shot Blocked by Brady Skjei.
11:26 of 2nd period - Puck is out of play.
11:27 of 2nd period - Frans Nielsen wins face-off versus Jordan Nolan in Canadiens zone.
11:27 of 2nd period - Frans Nielsen is hit by Dylan Olsen.
11:35 of 2nd period - Wrist shot by Jordan Nolan.
11:35 of 2nd period - Stopped by Kristers Gudlevskis with a rebound.
11:37 of 2nd period - Snap shot by Jakub Voracek.
11:37 of 2nd period - Shot Blocked by Bryce Lampman.
11:39 of 2nd period - Slapshot by Jordan Nolan.
11:39 of 2nd period - Shot Misses the Net.
11:57 of 2nd period - Wrist shot by Benoit Pouliot.
11:57 of 2nd period - Shot Misses the Net.
12:21 of 2nd period - Slapshot by Matt Smaby.
12:21 of 2nd period - Shot Blocked by Mark Stuart.
12:23 of 2nd period - Slapshot by Matt Smaby.
12:23 of 2nd period - Stopped by Kristers Gudlevskis without a rebound.
12:24 of 2nd period - Frans Nielsen wins face-off versus Jordan Nolan in Canadiens zone.
12:24 of 2nd period - Frans Nielsen is hit by Jakub Voracek.
12:36 of 2nd period - Snap shot by Frans Nielsen.
12:36 of 2nd period - Stopped by Steve Mason without a rebound.
12:37 of 2nd period - Jordan Nolan wins face-off versus Frans Nielsen in Flyers zone.
12:37 of 2nd period - Jeff Woywitka is hit by Claude Giroux.
12:41 of 2nd period - Snap shot by Claude Giroux.
12:41 of 2nd period - Shot Misses the Net.
12:43 of 2nd period - Wrist shot by Frans Nielsen.
12:43 of 2nd period - Shot Blocked by Jeff Woywitka.
13:03 of 2nd period - Dave Bolland is hit by Marcus Kruger.
13:14 of 2nd period - Backhand shot by Marcus Kruger.
13:14 of 2nd period - Shot Misses the Net.
13:30 of 2nd period - Backhand shot by Matthew Lombardi.
13:30 of 2nd period - Shot Misses the Net.
13:50 of 2nd period - Slapshot by Claude Giroux.
13:50 of 2nd period - Stopped by Steve Mason with a rebound.
13:52 of 2nd period - Wrist shot by Greg Stewart.
13:52 of 2nd period - Shot Misses the Net.
13:54 of 2nd period - Slapshot by Cameron Gaunce.
13:54 of 2nd period - Stopped by Steve Mason without a rebound.
13:55 of 2nd period - Frans Nielsen wins face-off versus Erik Christensen in Flyers zone.
13:56 of 2nd period - Wrist shot by Greg Stewart.
13:56 of 2nd period - Shot Blocked by Drew Miller.
14:53 of 2nd period - Slapshot by Marcus Kruger.
14:53 of 2nd period - Shot Misses the Net.
14:55 of 2nd period - Slapshot by Oliver Ekman-Larsson.
14:55 of 2nd period - Shot Blocked by Nick Spaling.
15:52 of 2nd period - Wrist shot by Dave Bolland.
15:52 of 2nd period - Stopped by Steve Mason with a rebound.
15:54 of 2nd period - Wrist shot by Steve Downie.
15:54 of 2nd period - Shot Misses the Net.
15:56 of 2nd period - Backhand shot by Steve Downie.
15:56 of 2nd period - Stopped by Steve Mason without a rebound.
15:57 of 2nd period - Jeff Carter wins face-off versus Frans Nielsen in Flyers zone.
15:57 of 2nd period - Jeff Carter is hit by Frans Nielsen.
16:47 of 2nd period - Minor Penalty to Jonathan Ericsson for Hooking.
16:48 of 2nd period - Matthew Lombardi wins face-off versus Dave Bolland in Flyers zone.
17:07 of 2nd period - Slapshot by Jordan Nolan.
17:07 of 2nd period - Stopped by Kristers Gudlevskis with a rebound.
18:47 of 2nd period - Penalty to Jonathan Ericsson is over, Jonathan Ericsson is back on ice.
18:58 of 2nd period - Marcus Kruger is hit by Dustin Boyd and loses puck.
19:14 of 2nd period - Cameron Gaunce is hit by Drew Miller and loses puck.
19:45 of 2nd period - Jordan Szwarz is hit by Jakub Voracek and loses puck.
Goals for this period are 0 for Flyers vs 0 for Canadiens.
Shots for this period are 6 for Flyers vs 13 for Canadiens.

3rd period


0:01 of 3rd period - Jeff Carter wins face-off versus Frans Nielsen in neutral zone.
0:05 of 3rd period - Off-side.
0:06 of 3rd period - Frans Nielsen wins face-off versus Jeff Carter in neutral zone.
0:29 of 3rd period - Wrist shot by Marcus Kruger.
0:29 of 3rd period - Shot Blocked by Greg Stewart.
1:06 of 3rd period - Slapshot by Claude Giroux.
1:06 of 3rd period - Stopped by Steve Mason without a rebound.
1:07 of 3rd period - Dave Bolland wins face-off versus Brock Nelson in Flyers zone.
1:10 of 3rd period - Slapshot by Dave Bolland.
1:10 of 3rd period - Shot Misses the Net.
1:30 of 3rd period - Minor Penalty to Raphael Diaz for Tripping.
1:31 of 3rd period - Jordan Nolan wins face-off versus Pierre-Marc Bouchard in Canadiens zone.
1:36 of 3rd period - Slapshot by Jordan Nolan.
1:36 of 3rd period - Goal by Jordan Nolan - Flyers : 1 - Canadiens : 2.
1:37 of 3rd period - Frans Nielsen wins face-off versus Jordan Nolan in neutral zone.
1:42 of 3rd period - Bryce Lampman is hit by Jordan Nolan and loses puck.
2:30 of 3rd period - Snap shot by Jeff Carter.
2:30 of 3rd period - Stopped by Kristers Gudlevskis without a rebound.
2:31 of 3rd period - Frans Nielsen wins face-off versus Jeff Carter in Canadiens zone.
3:03 of 3rd period - Snap shot by Benoit Pouliot.
3:03 of 3rd period - Shot Misses the Net.
3:23 of 3rd period - Slapshot by Jakub Voracek.
3:23 of 3rd period - Shot Misses the Net.
3:31 of 3rd period - Matt Smaby is hit by Bryce Lampman and loses puck.
4:12 of 3rd period - Greg Stewart is hit by Chris Mcallister and loses puck.
4:27 of 3rd period - Wrist shot by Benoit Pouliot.
4:27 of 3rd period - Deflect By Dave Bolland.
4:27 of 3rd period - Shot Misses the Net.
4:27 of 3rd period - Puck is out of play.
4:28 of 3rd period - Dave Bolland wins face-off versus Erik Christensen in Flyers zone.
4:37 of 3rd period - Snap shot by Benoit Pouliot.
4:37 of 3rd period - Stopped by Steve Mason without a rebound.
4:38 of 3rd period - Frans Nielsen wins face-off versus Erik Christensen in Flyers zone.
5:03 of 3rd period - Snap shot by Mats Zuccarello.
5:03 of 3rd period - Shot Misses the Net.
5:05 of 3rd period - Snap shot by Drew Miller.
5:05 of 3rd period - Shot Misses the Net.
5:07 of 3rd period - Wrist shot by Mats Zuccarello.
5:07 of 3rd period - Deflect By Drew Miller.
5:07 of 3rd period - Stopped by Kristers Gudlevskis without a rebound.
5:08 of 3rd period - Frans Nielsen wins face-off versus Jordan Nolan in Canadiens zone.
5:14 of 3rd period - Off-side.
5:15 of 3rd period - Jordan Nolan wins face-off versus Frans Nielsen in neutral zone.
5:35 of 3rd period - Nathan Beaulieu is hit by Greg Stewart and loses puck.
6:04 of 3rd period - Snap shot by Jordan Nolan.
6:04 of 3rd period - Shot Blocked by Frans Nielsen.
6:06 of 3rd period - Snap shot by Jordan Nolan.
6:06 of 3rd period - Shot Misses the Net.
6:16 of 3rd period - Slapshot by Jakub Voracek.
6:16 of 3rd period - Stopped by Kristers Gudlevskis without a rebound.
6:17 of 3rd period - Jeff Carter wins face-off versus Dave Bolland in Canadiens zone.
6:36 of 3rd period - Mark Stuart is hit by Oliver Ekman-Larsson and loses puck.
6:57 of 3rd period - Wrist shot by Jordan Szwarz.
6:57 of 3rd period - Deflect By Brett Maclean.
6:57 of 3rd period - Shot Misses the Net.
6:57 of 3rd period - Puck is out of play.
6:58 of 3rd period - Matthew Lombardi wins face-off versus Dustin Boyd in Flyers zone.
7:24 of 3rd period - Dylan Olsen is hit by Dave Bolland and loses puck.
7:46 of 3rd period - Dylan Olsen is hit by Bryce Lampman.
7:52 of 3rd period - Snap shot by Drew Miller.
7:52 of 3rd period - Stopped by Kristers Gudlevskis without a rebound.
7:53 of 3rd period - Frans Nielsen wins face-off versus Jordan Nolan in Canadiens zone.
7:53 of 3rd period - Frans Nielsen is hit by Brock Nelson.
8:06 of 3rd period - Icing by Brock Nelson.
8:07 of 3rd period - Jordan Nolan wins face-off versus Frans Nielsen in Flyers zone.
8:33 of 3rd period - Slapshot by Jeff Woywitka.
8:33 of 3rd period - Shot Misses the Net.
9:18 of 3rd period - Slapshot by Ryan Callahan.
9:18 of 3rd period - Stopped by Kristers Gudlevskis without a rebound.
9:19 of 3rd period - Jeff Carter wins face-off versus Frans Nielsen in Canadiens zone.
10:34 of 3rd period - Slapshot by Ryan Callahan.
10:34 of 3rd period - Stopped by Kristers Gudlevskis without a rebound.
10:35 of 3rd period - Frans Nielsen wins face-off versus Jordan Nolan in Canadiens zone.
11:34 of 3rd period - Jonathan Ericsson is hit by Dustin Boyd and loses puck.
12:05 of 3rd period - Minor Penalty to Jordan Nolan for Hooking.
12:06 of 3rd period - Matthew Lombardi wins face-off versus Steve Downie in Flyers zone.
12:19 of 3rd period - Snap shot by Dave Bolland.
12:19 of 3rd period - Shot Blocked by Matthew Lombardi.
12:37 of 3rd period - Slapshot by Erik Christensen.
12:37 of 3rd period - Stopped by Kristers Gudlevskis with a rebound.
14:05 of 3rd period - Penalty to Jordan Nolan is over, Jordan Nolan is back on ice.
14:19 of 3rd period - Slapshot by Chris Mcallister.
14:19 of 3rd period - Deflect By Raphael Diaz.
14:19 of 3rd period - Stopped by Kristers Gudlevskis without a rebound.
14:20 of 3rd period - Jeff Carter wins face-off versus Dustin Boyd in Canadiens zone.
14:31 of 3rd period - J.T. Miller is hit by Cameron Gaunce and loses puck.
14:48 of 3rd period - Slapshot by Matt Smaby.
14:48 of 3rd period - Shot Blocked by Nikolai Zherdev.
14:54 of 3rd period - Brock Nelson is hit by Pierre-Marc Bouchard and loses puck.
15:36 of 3rd period - Snap shot by Claude Giroux.
15:36 of 3rd period - Deflect By Greg Stewart.
15:36 of 3rd period - Shot Blocked by Nathan Beaulieu.
15:36 of 3rd period - Puck is out of play.
15:37 of 3rd period - Dustin Boyd wins face-off versus Jeff Carter in Flyers zone.
16:08 of 3rd period - Off-side.
16:09 of 3rd period - Dustin Boyd wins face-off versus Erik Christensen in neutral zone.
16:26 of 3rd period - Snap shot by Mats Zuccarello.
16:26 of 3rd period - Deflect By Jordan Szwarz.
16:26 of 3rd period - Stopped by Kristers Gudlevskis with a rebound.
16:28 of 3rd period - Slapshot by Jeff Woywitka.
16:28 of 3rd period - Stopped by Kristers Gudlevskis with a rebound.
16:30 of 3rd period - Wrist shot by Erik Christensen.
16:30 of 3rd period - Shot Blocked by Raphael Diaz.
16:34 of 3rd period - Snap shot by Mats Zuccarello.
16:34 of 3rd period - Deflect By Drew Miller.
16:34 of 3rd period - Shot Misses the Net.
16:34 of 3rd period - Puck is out of play.
16:35 of 3rd period - Chris Mcallister wins face-off versus Pierre-Marc Bouchard in Canadiens zone.
17:28 of 3rd period - Wrist shot by Jakub Voracek.
17:28 of 3rd period - Stopped by Kristers Gudlevskis with a rebound.
17:47 of 3rd period - Drew Miller is hit by Benoit Pouliot and loses puck.
18:40 of 3rd period - Flyers, Steve Mason is pulled from the net.
19:02 of 3rd period - Slapshot by Jakub Voracek.
19:02 of 3rd period - Shot Blocked by Mark Stuart.
19:04 of 3rd period - Snap shot by J.T. Miller.
19:04 of 3rd period - Stopped by Kristers Gudlevskis without a rebound.
19:05 of 3rd period - Pat Quinn call a timeout for Flyers.
19:05 of 3rd period - Frans Nielsen wins face-off versus Jeff Carter in Canadiens zone.
19:18 of 3rd period - Slapshot by J.T. Miller.
19:18 of 3rd period - Stopped by Kristers Gudlevskis with a rebound.
19:20 of 3rd period - Wrist shot by Oliver Ekman-Larsson.
19:20 of 3rd period - Stopped by Kristers Gudlevskis with a rebound.
19:22 of 3rd period - Wrist shot by Oliver Ekman-Larsson.
19:22 of 3rd period - Shot Misses the Net.
19:24 of 3rd period - Wrist shot by Jakub Voracek.
19:24 of 3rd period - Shot Misses the Net.
19:26 of 3rd period - Slapshot by Jonathan Ericsson.
19:26 of 3rd period - Stopped by Kristers Gudlevskis with a rebound.
19:28 of 3rd period - Wrist shot by Jakub Voracek.
19:28 of 3rd period - Stopped by Kristers Gudlevskis with a rebound.
19:48 of 3rd period - Greg Stewart is hit by Oliver Ekman-Larsson and loses puck.
19:55 of 3rd period - Slapshot by Jakub Voracek.
19:55 of 3rd period - Shot Misses the Net.
Goals for this period are 1 for Flyers vs 0 for Canadiens.
Shots for this period are 17 for Flyers vs 2 for Canadiens.